[Event "Titled Tuesday Blitz January 31 Late 2023"]
[White "Bryakin, Mikhail"]
[Black "Shubenkova, Veronika"]
[WhiteFideId "4165314"]
[BlackFideId "44124040"]
[WhiteElo "2455"]
[BlackElo "1960"]
[Result "1-0"]
[Round "02"]
[TimeControl "180+2"]
[Date "2023.01.31"]
[WhiteClock "0:00:35"]
[BlackClock "0:00:06"]

1. e4 c6 2. d3 d5 3. Nd2 g6 4. Ngf3 Bg7 5. g3 Nd7 6. Bg2 e6 7. O-O Ne7 8. c3 c5 9. Re1 dxe4 10. Nxe4 O-O 11. Bg5 f6 12. Be3 Qb6 13. Nxc5 Nxc5 14. b4 Rd8 15. Bxc5 Qc7 16. Nd4 e5 17. Qb3+ Kh8 18. Ne6 Bxe6 19. Qxe6 Nc6 20. Rad1 Re8 21. Qb3 Rad8 22. a4 f5 23. h4 f4 24. gxf4 exf4 25. Rxe8+ Rxe8 26. f3 b6 27. Bf2 Nd8 28. d4 Nf7 29. d5 Nd6 30. c4 Nf5 31. c5 bxc5 32. bxc5 Ne3 33. Rc1 Qf7 34. Qd3 Nxd5 35. c6 Nb4 36. Qd7 Re7 37. Qd6 Nd5 38. Bh3 Bf8 39. Qb8 Re8 40. c7 Nxc7 41. Qxc7 Qd5 42. Kg2 g5 43. Qd7 Qe5 44. Bd4 1-0


[Site "https://www.chess.com"]

[Event "Titled Tuesday Blitz January 31 Late 2023"]
[White "Girel, Joseph"]
[Black "Tworuszka, Michal"]
[WhiteFideId "36033561"]
[BlackFideId "1117858"]
[WhiteElo "2395"]
[BlackElo "2260"]
[Result "0-1"]
[Round "02"]
[TimeControl "180+2"]
[Date "2023.01.31"]
[WhiteClock "0:00:02"]
[BlackClock "0:00:15"]

1. d4 Nf6 2. c4 g6 3. Nf3 Bg7 4. g3 O-O 5. Bg2 c6 6. O-O d5 7. Qa4 dxc4 8. Qxc4 Bf5 9. Nc3 Nbd7 10. e3 Ne4 11. Qe2 Nxc3 12. bxc3 Qa5 13. Ba3 Qxa3 14. Nd2 Qxc3 15. Rfc1 Qa5 16. Nc4 Qa6 17. Qb2 Be6 18. Nd2 Qb6 19. Qc2 Bd5 20. Rab1 Qa6 21. Bf1 b5 22. e4 Be6 23. d5 cxd5 24. Bxb5 Qd6 25. Qa4 Nb6 26. Qa5 dxe4 27. Nxe4 Qe5 28. Nc5 Bd5 29. Bf1 Qh5 30. Rb3 Bxb3 31. axb3 e6 32. Qe1 Rac8 33. b4 Nd5 34. Rd1 Rfd8 35. Ba6 Rb8 36. Nb7 Rf8 37. b5 Nc3 38. Rd2 Nxb5 39. Qf1 Nc3 40. h4 Nd5 41. Kh2 Qf5 42. Nd6 Qe5 43. Nc4 Qc3 44. Rd1 Rfd8 45. Nd2 Nb4 46. Ne4 Rxd1 47. Qxd1 Qd4 48. Qe2 Nxa6 49. Ng5 Nc5 50. Qf3 Qf6 51. Qe2 h6 52. Nh3 Nd7 53. Qc4 Ne5 54. Qc7 Nf3+ 55. Kg2 Rb2 56. Qc8+ Kh7 57. h5 Ng5 58. hxg6+ fxg6 59. Nf4 e5 60. Nd3 Rd2 61. Qd7 e4 62. Qxa7 Qf3+ 63. Kh2 Rxd3 64. Qb6 Rd2 65. Kg1 Rd1+ 66. Kh2 Rh1# 0-1


[Site "https://www.chess.com"]

[Event "Titled Tuesday Blitz January 31 Late 2023"]
[White "Talibov, Shiroghlan"]
[Black "Sanchez, Robert"]
[WhiteFideId "13429078"]
[BlackFideId "2034360"]
[WhiteElo "2359"]
[BlackElo "1966"]
[Result "0-1"]
[Round "02"]
[TimeControl "180+2"]
[Date "2023.01.31"]
[WhiteClock "0:00:06"]
[BlackClock "0:00:07"]

1. Nf3 d5 2. d4 e6 3. c4 Nf6 4. Nc3 Be7 5. Bf4 O-O 6. e3 c6 7. c5 Ne4 8. Nxe4 dxe4 9. Nd2 f5 10. Bc4 b5 11. cxb6 axb6 12. Qb3 Kh8 13. O-O Rf6 14. a4 Rg6 15. f3 Ba6 16. fxe4 fxe4 17. Nxe4 Nd7 18. Bxa6 Rxa6 19. Nd6 Bxd6 20. Bxd6 Nf6 21. Qxe6 h6 22. Be5 Qd5 23. Qh3 Ng4 24. Rf8+ Kh7 25. Bf4 Qe4 26. b3 Qc2 27. Qf3 Qxb3 28. Qe4 Rxa4 29. Rf1 Qe6 30. Qf5 Qxf5 31. Rxf5 Ra2 32. h3 Nxe3 33. g4 Nxf1 34. Kxf1 Re6 35. Be5 Re7 36. Rf8 Kg6 37. h4 Rf7+ 38. Rxf7 Kxf7 39. h5 Ra4 40. Ke2 g6 41. Kd3 gxh5 42. gxh5 Ra3+ 43. Ke4 Rh3 44. Kf5 Rxh5+ 45. Kg4 Kg6 46. Bf4 Rd5 47. Be3 c5 48. dxc5 bxc5 49. Kf4 c4 50. Ke4 Rd3 51. Bf4 h5 0-1


[Site "https://www.chess.com"]

[Event "Titled Tuesday Blitz January 31 Late 2023"]
[White "Trost, Edvin"]
[Black "Bon, Michael"]
[WhiteFideId "1729519"]
[BlackFideId "620696"]
[WhiteElo "2399"]
[BlackElo "2394"]
[Result "1-0"]
[Round "02"]
[TimeControl "180+2"]
[Date "2023.01.31"]
[WhiteClock "0:01:15"]
[BlackClock "0:00:15"]

1. d4 d5 2. c4 e6 3. Nc3 a6 4. cxd5 exd5 5. Nf3 Nf6 6. Bf4 c6 7. e3 Bf5 8. Bd3 Bxd3 9. Qxd3 Nbd7 10. O-O-O Bb4 11. Ne5 Qa5 12. Nxd7 Nxd7 13. Kb1 O-O 14. f3 Bxc3 15. Qxc3 Qxc3 16. bxc3 Nb6 17. e4 Nc4 18. Rhe1 Rfe8 19. Re2 f6 20. Rde1 Kf7 21. Kc2 b5 22. Kb3 a5 23. g4 Ra7 24. Kc2 Rae7 25. Kd3 a4 26. h4 Re6 27. h5 g5 28. hxg6+ hxg6 29. Rh1 g5 30. Bc1 R8e7 31. Rh8 Kg7 32. Rh5 Nd6 33. e5 fxe5 34. Bxg5 Rf7 35. Rxe5 Rxf3+ 36. Ke2 Rxe5+ 37. dxe5 Rxc3 38. exd6 1-0


[Site "https://www.chess.com"]

[Event "Titled Tuesday Blitz January 31 Late 2023"]
[White "Timmermans, Mark"]
[Black "Prydun, Andriy"]
[WhiteFideId "1026399"]
[BlackFideId "14145898"]
[WhiteElo "2392"]
[BlackElo "2134"]
[Result "0-1"]
[Round "02"]
[TimeControl "180+2"]
[Date "2023.01.31"]
[WhiteClock "0:00:21"]
[BlackClock "0:00:03"]

1. e4 c6 2. Nf3 d5 3. exd5 Qxd5 4. Nc3 Qd8 5. d4 Nf6 6. Bc4 Nbd7 7. O-O Nb6 8. Bb3 Bf5 9. Ne5 e6 10. Be3 Bd6 11. Qf3 O-O 12. g4 Bxe5 13. gxf5 Bc7 14. Kh1 Qd6 15. Qh3 exf5 16. Bg5 Ng4 17. f3 Nf6 18. Ne2 Rfe8 19. Ng3 g6 20. Rg1 Kh8 21. Qh4 Nbd7 22. Bxf7 Rf8 23. Bxg6 Rg8 24. Nxf5 Qxh2+ 25. Qxh2 Bxh2 26. Kxh2 Rxg6 27. Bh6 Rag8 28. Bf4 Nd5 29. Be5+ Nxe5 30. dxe5 Re6 31. Rxg8+ Kxg8 32. Re1 Kf8 33. Nd4 Re7 34. Kg3 Nc7 35. f4 Rg7+ 36. Kf3 Rf7 37. f5 c5 38. Nb3 Rxf5+ 39. Ke4 Rf2 40. Nxc5 Rxc2 41. Nd7+ Ke7 42. Nf6 Rxb2 43. Rh1 Ke6 44. Rh6 Rb4+ 45. Kd3 Kxe5 46. Nd7+ Kf4 47. Rxh7 Nd5 48. Nc5 b6 49. Ne6+ Ke5 50. Nd8 Rd4+ 51. Kc2 Nb4+ 52. Kb3 Rxd8 53. Kxb4 a5+ 54. Kb5 Rd2 55. a4 Rb2+ 56. Ka6 Rb4 57. Rh5+ Kd6 58. Rh6+ Kc5 59. Rh5+ Kc6 60. Rh6+ Kc5 61. Rh5+ Kc4 62. Rh3 Rb3 63. Rh4+ Kc3 64. Rg4 Rb4 65. Rg3+ Kb2 66. Rf3 Rb3 67. Rf4 Ka3 68. Rh4 Rb4 69. Rh1 Kxa4 70. Ra1+ Kb3 71. Kb7 Kb2 72. Rh1 a4 73. Kc6 Rb3 74. Rh2+ Kc3 75. Kd5 Kb4 76. Rh3 Ka5 77. Rh8 b5 78. Ra8+ Kb4 79. Rb8 a3 80. Ra8 Rc3 81. Kd4 Kb3 82. Rh8 b4 83. Rh1 Rc2 84. Rb1+ Ka4 85. Kd3 Rc6 86. Rc1 Rxc1 0-1


[Site "https://www.chess.com"]

[Event "Titled Tuesday Blitz January 31 Late 2023"]
[White "Quispe Arteaga, Gabriel"]
[Black "Pesotskiy, Mikhail"]
[WhiteFideId "32059809"]
[BlackFideId "34164453"]
[WhiteElo "2381"]
[BlackElo "2153"]
[Result "1-0"]
[Round "02"]
[TimeControl "180+2"]
[Date "2023.01.31"]
[WhiteClock "0:02:55"]
[BlackClock "0:02:45"]

1. c4 e5 2. g3 Nc6 3. Bg2 Bc5 4. e3 a6 5. Ne2 Ba7 6. Nbc3 d6 7. d4 Nf6 8. b4 O-O 9. b5 Ne7 10. bxa6 bxa6 11. Bxa8 1-0


[Site "https://www.chess.com"]

[Event "Titled Tuesday Blitz January 31 Late 2023"]
[White "Paveto, Kevin"]
[Black "Kostiukov, Alexandr"]
[WhiteFideId "173444"]
[BlackFideId "14108100"]
[WhiteElo "2427"]
[BlackElo "2271"]
[Result "1-0"]
[Round "02"]
[TimeControl "180+2"]
[Date "2023.01.31"]
[WhiteClock "0:00:53"]
[BlackClock "0:01:13"]

1. e4 c5 2. Nf3 g6 3. d4 cxd4 4. Nxd4 Bg7 5. c4 Nf6 6. Nc3 Nc6 7. Be3 Nxd4 8. Bxd4 Qa5 9. f3 O-O 10. Be2 d6 11. O-O Be6 12. Rc1 Rfc8 13. b3 a6 14. a4 Nd7 15. Bxg7 Kxg7 16. Qd4+ Kg8 17. Kh1 Qb6 18. Qxb6 Nxb6 19. a5 Nd7 20. Na4 Rab8 21. f4 Nc5 22. Nxc5 Rxc5 23. b4 Rc7 24. f5 Bd7 25. Bd3 Rbc8 26. Rce1 e6 27. fxg6 hxg6 28. e5 dxe5 29. c5 Bb5 30. Bxb5 axb5 31. Rxe5 Rd8 32. Re4 Rd2 33. h3 Rcd7 34. Ra1 Rd1+ 35. Rxd1 Rxd1+ 36. Kh2 Rb1 37. Rd4 Kg7 38. Rd7 Rxb4 39. Rxb7 Rc4 40. a6 Ra4 41. a7 b4 42. c6 b3 43. c7 1-0


[Site "https://www.chess.com"]

[Event "Titled Tuesday Blitz January 31 Late 2023"]
[White "OKEKE, Isaac Chukwudalu"]
[Black "Fernandez Guillen, Ernesto J."]
[WhiteFideId "8508526"]
[BlackFideId "3512428"]
[WhiteElo "2155"]
[BlackElo "2477"]
[Result "0-1"]
[Round "02"]
[TimeControl "180+2"]
[Date "2023.01.31"]
[WhiteClock "0:00:03"]
[BlackClock "0:00:23"]

1. e4 e5 2. Nf3 Nc6 3. Bb5 f5 4. d3 fxe4 5. dxe4 Nf6 6. Nc3 Bb4 7. O-O Bxc3 8. bxc3 d6 9. Qd3 Bg4 10. h3 Bxf3 11. Qxf3 O-O 12. Bc4+ Kh8 13. Qe2 Qe8 14. Rb1 Rb8 15. Bg5 Ne7 16. f4 exf4 17. e5 dxe5 18. Qxe5 Ng6 19. Qxe8 Rfxe8 20. Bf7 Re5 21. h4 Ne4 22. Bxg6 Nxg5 23. hxg5 hxg6 24. Rxf4 Rxg5 25. Rf7 Rc5 26. Re1 Kh7 27. Ree7 Rc8 28. Rxg7+ Kh6 29. Rh7+ Kg5 30. Rh3 Rd8 31. Rf7 Rd1+ 32. Kh2 Rdd5 33. Rg3+ Kh6 34. Rh3+ Rh5 35. Rf3 b6 36. g4 Rxh3+ 37. Kxh3 Kg5 38. Rd3 c6 39. Re3 Rc4 40. Re5+ Kf4 41. Re6 Rxc3+ 42. Kh4 g5+ 43. Kh5 Rh3+ 44. Kg6 Kxg4 45. Rxc6 Kh4 46. Rc4+ g4 47. Kf5 Rf3+ 48. Ke4 Rf7 49. Rc8 g3 50. Rh8+ Kg4 51. Ke3 Re7+ 52. Kd2 g2 53. Rg8+ Kf3 54. Kd1 Kf2 55. Rf8+ Kg1 56. Rg8 Re5 57. Kd2 Kf2 58. Rf8+ Kg3 59. Rg8+ Kf3 60. c4 Re4 61. Kd3 Rg4 0-1


[Site "https://www.chess.com"]

[Event "Titled Tuesday Blitz January 31 Late 2023"]
[White "Santos Ruiz, Miguel"]
[Black "Hoffmann, Asa"]
[WhiteFideId "22291482"]
[BlackFideId "2001470"]
[WhiteElo "2590"]
[BlackElo "2185"]
[Result "1-0"]
[Round "02"]
[TimeControl "180+2"]
[Date "2023.01.31"]
[WhiteClock "0:00:36"]
[BlackClock "0:00:50"]

1. c4 Nf6 2. Nc3 d6 3. d4 Bf5 4. g3 c6 5. Bg2 Nbd7 6. e4 Bg6 7. Nge2 e5 8. O-O Be7 9. h3 exd4 10. Nxd4 Nc5 11. Re1 O-O 12. f4 h6 13. b3 Re8 14. Bb2 Bf8 15. f5 Bh7 16. Qc2 a5 17. Rad1 Qb6 18. Kh1 Nfd7 19. Nf3 Be7 20. Bc1 Ne5 21. Nxe5 dxe5 22. Be3 Rad8 23. Na4 Qa7 24. Rxd8 Rxd8 25. Rd1 Rxd1+ 26. Qxd1 b6 27. Nxc5 bxc5 28. h4 Kf8 29. Bf3 Ke8 30. Kg2 Qb7 31. a4 Qb4 32. Bd2 Qa3 33. Bxa5 g6 34. fxg6 Bxg6 35. Be1 Qa2+ 36. Bf2 f5 37. Qd3 fxe4 38. Bxe4 Bxe4+ 39. Qxe4 Qxb3 40. Qxc6+ Kf7 41. Qf3+ Kg7 42. Qxb3 1-0


[Site "https://www.chess.com"]

[Event "Titled Tuesday Blitz January 31 Late 2023"]
[White "Pino Perez, Lazaro"]
[Black "Mekhitarian, Krikor Sevag"]
[WhiteFideId "3517055"]
[BlackFideId "2107660"]
[WhiteElo "2142"]
[BlackElo "2537"]
[Result "0-1"]
[Round "02"]
[TimeControl "180+2"]
[Date "2023.01.31"]
[WhiteClock "0:00:05"]
[BlackClock "0:00:56"]

1. d4 Nf6 2. Bf4 g6 3. Nc3 Bg7 4. e4 d6 5. Qd2 a6 6. Nf3 b5 7. Bd3 Bb7 8. a3 O-O 9. O-O Nbd7 10. e5 Nh5 11. Be4 Bxe4 12. Nxe4 dxe5 13. dxe5 Nb6 14. b3 Qd5 15. Qe3 Nxf4 16. Qxf4 h6 17. Rad1 Qe6 18. Nc5 Qc6 19. b4 Rad8 20. e6 f5 21. Ne5 Bxe5 22. Qxe5 Nc4 23. Qg3 Kh7 24. Nd7 Rg8 25. Rd4 Qxe6 26. Nc5 Qe5 27. Qxe5 Nxe5 28. Rxd8 Rxd8 29. Re1 Nc6 30. Ne6 Rd2 31. Nxc7 Rxc2 32. g3 e5 33. Nxa6 Nd4 34. Kg2 e4 35. Rd1 Nf3 36. h4 g5 37. h5 Kg7 38. Nc7 Rxc7 0-1


[Site "https://www.chess.com"]

[Event "Titled Tuesday Blitz January 31 Late 2023"]
[White "Corrales Jimenez, Fidel"]
[Black "Wilson, Elvin"]
[WhiteFideId "3506690"]
[BlackFideId "2014874"]
[WhiteElo "2489"]
[BlackElo "2183"]
[Result "1-0"]
[Round "02"]
[TimeControl "180+2"]
[Date "2023.01.31"]
[WhiteClock "0:01:08"]
[BlackClock "0:00:02"]

1. e4 e6 2. d4 d5 3. e5 c5 4. c3 Nc6 5. Nf3 Qb6 6. a3 c4 7. Be2 Bd7 8. Nbd2 Na5 9. O-O Ne7 10. Re1 h6 11. h4 O-O-O 12. h5 Kb8 13. Nh2 Nc8 14. Bg4 Be7 15. Rb1 Qc7 16. Ndf1 Nb6 17. Qe2 a6 18. Bh3 Ka7 19. Bf4 Rdg8 20. Bg3 Ba4 21. Ne3 Qd8 22. Rf1 Bd7 23. f4 g6 24. hxg6 fxg6 25. Neg4 Rf8 26. Rbe1 Bc8 27. Nf6 Bxf6 28. exf6 Rxf6 29. Ng4 Rff8 30. Qe5 Nc6 31. Qe3 Re8 32. Ne5 Nxe5 33. Qxe5 Nd7 34. Qd6 Nf6 35. Qxd8 Rxd8 36. Bh4 Rdf8 37. Bxe6 Ne4 38. Bxd5 Nf6 39. Bxf6 Rxf6 40. Bxc4 Rhf8 41. g3 Bh3 42. Rf2 g5 43. Kh2 Bd7 44. Ref1 h5 45. Bd5 h4 46. gxh4 gxf4 47. c4 1-0


[Site "https://www.chess.com"]

[Event "Titled Tuesday Blitz January 31 Late 2023"]
[White "Preotu, Razvan"]
[Black "Real_taiatai"]
[WhiteFideId "2613280"]
[WhiteElo "2475"]
[BlackElo "2316"]
[Result "1-0"]
[Round "02"]
[TimeControl "180+2"]
[Date "2023.01.31"]
[WhiteClock "0:00:58"]
[BlackClock "0:00:15"]

1. e4 e5 2. Nf3 Nf6 3. d4 Nxe4 4. Bd3 d5 5. Nxe5 Bd6 6. O-O O-O 7. c4 c6 8. Nc3 Bf5 9. Qc2 Re8 10. f3 Bxe5 11. dxe5 Nxc3 12. Bxf5 g6 13. Bh3 Rxe5 14. Qxc3 d4 15. Qd3 c5 16. Bf4 Re8 17. Rae1 Nc6 18. Qd2 Qd7 19. Bh6 f5 20. a3 Qf7 21. b4 Qxc4 22. Bxf5 cxb4 23. Bd7 Rxe1 24. Rxe1 Nd8 25. Re8+ Kf7 26. Qf4# 1-0


[Site "https://www.chess.com"]

[Event "Titled Tuesday Blitz January 31 Late 2023"]
[White "Jaracz, Pawel"]
[Black "Lopez Del Alamo, Antonio"]
[WhiteFideId "1102222"]
[BlackFideId "2227339"]
[WhiteElo "2467"]
[BlackElo "2280"]
[Result "1-0"]
[Round "02"]
[TimeControl "180+2"]
[Date "2023.01.31"]
[WhiteClock "0:01:25"]
[BlackClock "0:01:13"]

1. d4 Nf6 2. c4 g6 3. Nc3 Bg7 4. e4 d6 5. f4 O-O 6. Nf3 Na6 7. e5 Nd7 8. e6 fxe6 9. Ng5 Nf6 10. Qe2 Qd7 11. g3 h6 12. Nf3 c5 13. Bh3 Qc6 14. Bxe6+ Bxe6 15. Qxe6+ Kh7 16. d5 Qd7 17. Qxd7 Nxd7 18. O-O Nb6 19. Nd2 Bxc3 20. bxc3 Na4 21. Rb1 Rab8 22. Re1 Rf7 23. Re3 g5 24. fxg5 hxg5 25. Nf3 Rg7 26. Bd2 Nb6 27. Re4 g4 28. Ng5+ Kg6 29. Rxg4 Kh5 30. Rh4+ Kg6 31. Re1 Nxc4 32. Rxc4 1-0


[Site "https://www.chess.com"]

[Event "Titled Tuesday Blitz January 31 Late 2023"]
[White "Khoroshev, Nikita"]
[Black "Garrido, Denis"]
[WhiteFideId "14200287"]
[BlackFideId "601217"]
[WhiteElo "2336"]
[BlackElo "2205"]
[Result "0-1"]
[Round "02"]
[TimeControl "180+2"]
[Date "2023.01.31"]
[WhiteClock "0:01:28"]
[BlackClock "0:01:31"]

1. e4 e5 2. Nf3 Nc6 3. Bb5 a6 4. Ba4 Nf6 5. Bxc6 dxc6 6. d3 Bd6 7. Nbd2 O-O 8. Nc4 Nd7 9. a4 Re8 10. Be3 a5 11. O-O Nf8 12. d4 exd4 13. Nxd6 Qxd6 14. Bxd4 Bg4 15. Re1 Bxf3 16. gxf3 Rad8 17. c3 c5 18. Bxc5 Qg6+ 19. Kf1 Rxd1 20. Rexd1 Ne6 21. Be3 Qh5 22. Kg2 Ng5 23. Bxg5 Qxg5+ 24. Kf1 Qf4 25. Kg2 h5 26. Rd5 Re6 27. Rf5 Rg6+ 28. Kh1 Qd2 29. Rf1 h4 30. h3 Qxb2 31. Rxa5 Qxc3 32. Rf5 b6 33. Rd1 Rd6 34. Rg1 Qd2 35. Kg2 Rg6+ 36. Kh1 Qxf2 37. Rg4 Qf1+ 38. Kh2 Qf2+ 39. Kh1 Qe1+ 40. Kg2 Qd2+ 41. Kh1 Qd1+ 42. Kh2 Qxa4 0-1


[Site "https://www.chess.com"]

[Event "Titled Tuesday Blitz January 31 Late 2023"]
[White "Harshavardhan G B"]
[Black "Bulgurlu, Okan"]
[WhiteFideId "25059009"]
[BlackFideId "6352316"]
[WhiteElo "2408"]
[BlackElo "1908"]
[Result "1-0"]
[Round "02"]
[TimeControl "180+2"]
[Date "2023.01.31"]
[WhiteClock "0:00:11"]
[BlackClock "0:00:10"]

1. Nf3 d5 2. g3 Nf6 3. Bg2 g6 4. O-O Bg7 5. d4 O-O 6. c4 c6 7. Qa4 Nbd7 8. cxd5 cxd5 9. Nc3 a6 10. Bf4 b5 11. Qb3 Nb6 12. a4 bxa4 13. Nxa4 Nxa4 14. Qxa4 Bd7 15. Qa3 Bb5 16. Rfe1 Ne4 17. Rac1 Re8 18. Ne5 Rc8 19. Bh3 e6 20. Bf1 Qb6 21. Be3 Nd6 22. f3 Nf5 23. Bf2 Nxd4 24. Rxc8 Rxc8 25. Qe3 Bxe5 26. Qxe5 Nc6 27. Qg5 Qd8 28. Qd2 Qa5 29. Qc1 Ne7 30. Qg5 Nf5 31. g4 Nd4 32. Bxd4 Qxe1 33. Qf6 Kf8 34. Qh8+ Ke7 35. Qxc8 Bxe2 36. Bc5+ Kf6 37. Qd8+ Ke5 38. Qd6+ Kf6 39. Bd4+ Kg5 40. Qe5+ Kh6 41. Qf4+ g5 42. Qf6# 1-0


[Site "https://www.chess.com"]

[Event "Titled Tuesday Blitz January 31 Late 2023"]
[White "Cardoso Cardoso, Jose Gabriel"]
[Black "Olsson, William"]
[WhiteFideId "4430492"]
[BlackFideId "1741721"]
[WhiteElo "2492"]
[BlackElo "2355"]
[Result "1-0"]
[Round "02"]
[TimeControl "180+2"]
[Date "2023.01.31"]
[WhiteClock "0:00:02"]
[BlackClock "0:00:03"]

1. c4 c5 2. Nc3 Nc6 3. g3 g6 4. Bg2 Bg7 5. e3 e6 6. Nge2 Nge7 7. d4 cxd4 8. exd4 d5 9. cxd5 Nxd5 10. h4 O-O 11. h5 b6 12. hxg6 fxg6 13. Nxd5 exd5 14. Nf4 Ne7 15. Be3 Bf5 16. Qb3 Kh8 17. Rc1 Rc8 18. Kd2 Qd6 19. Qa3 Qxa3 20. bxa3 Be4 21. Bxe4 dxe4 22. a4 Rxc1 23. Rxc1 Nf5 24. d5 Nxe3 25. fxe3 Rd8 26. Ke2 Be5 27. Rc4 Bxf4 28. gxf4 Rxd5 29. Rxe4 Rd7 30. Kf3 Kg7 31. Re6 h5 32. Rc6 Kf7 33. Kg3 Rb7 34. Kh4 a6 35. Kg5 b5 36. Rf6+ Ke8 37. Rxg6 bxa4 38. Rxa6 Rh7 39. Kh4 Re7 40. Rxa4 Rxe3 41. Kxh5 Rf3 42. Kg4 Rf2 43. Ra7 Kf8 44. Kg5 Rg2+ 45. Kf6 Ke8 46. Ra8+ Kd7 47. f5 Kd6 48. Kf7 Rf2 49. f6 Ke5 50. Ke7 Kf5 51. f7 Kg6 1-0


[Site "https://www.chess.com"]

[Event "Titled Tuesday Blitz January 31 Late 2023"]
[White "Oganian, Miran"]
[Black "Kohler, Aran"]
[WhiteFideId "4122488"]
[BlackFideId "1002856"]
[WhiteElo "2439"]
[BlackElo "2010"]
[Result "1-0"]
[Round "02"]
[TimeControl "180+2"]
[Date "2023.01.31"]
[WhiteClock "0:01:04"]
[BlackClock "0:00:10"]

1. e4 c6 2. d4 d5 3. f3 Na6 4. Nc3 Nc7 5. Be3 e6 6. Bd3 Nf6 7. Nge2 Be7 8. O-O b6 9. Kh1 Bb7 10. e5 Nd7 11. f4 g6 12. g4 f5 13. exf6 Bxf6 14. f5 gxf5 15. gxf5 e5 16. Nf4 Qe7 17. Ne6 Nxe6 18. fxe6 Nf8 19. dxe5 d4 20. exf6 Qxe6 21. Qh5+ Kd8 22. Be4 dxe3 23. Rad1+ Kc7 24. Qg5 Ng6 25. f7 Raf8 26. Rf6 Qe7 27. Rxg6 Qxg5 28. Rxg5 Rxf7 29. Re1 Re8 30. Rxe3 c5 31. Kg2 Rfe7 32. Rg4 a6 33. a4 h5 34. Rf4 b5 35. axb5 axb5 36. Kf2 b4 37. Bxb7 Kxb7 38. Rxe7+ Rxe7 39. Ne4 Rc7 40. Rf5 Kb6 41. Rxh5 c4 42. h4 Rf7+ 43. Ke3 Re7 44. Rh6+ Kb5 45. h5 Ka4 46. Rg6 c3 47. bxc3 bxc3 48. h6 1-0


[Site "https://www.chess.com"]

[Event "Titled Tuesday Blitz January 31 Late 2023"]
[White "Richterova, Natasa"]
[Black "Wieczorek, Oskar"]
[WhiteFideId "350591"]
[BlackFideId "1133950"]
[WhiteElo "2191"]
[BlackElo "2512"]
[Result "0-1"]
[Round "02"]
[TimeControl "180+2"]
[Date "2023.01.31"]
[WhiteClock "0:00:15"]
[BlackClock "0:00:06"]

1. e4 c5 2. Nf3 e6 3. c4 Nc6 4. Nc3 Nf6 5. Be2 Qb6 6. h3 d6 7. O-O Be7 8. b3 Nd4 9. Na4 Qc7 10. Nxd4 cxd4 11. d3 e5 12. f4 O-O 13. Nb2 b5 14. cxb5 a6 15. fxe5 dxe5 16. bxa6 Bxa6 17. Bd2 Ba3 18. Nc4 Bxc4 19. bxc4 Nd7 20. Qe1 Bb2 21. Qg3 f6 22. Rab1 Rxa2 23. Bg4 Nc5 24. Bb4 Kh8 25. Qh4 Bc3 26. Bxc5 Qxc5 27. Bf5 h6 28. Qh5 Qd6 29. Qg6 Kg8 30. Qh7+ Kf7 31. Bg6+ Ke7 32. Qxg7+ Kd8 33. Bf5 Rb2 34. Rxb2 Bxb2 35. Rb1 Bc3 36. Rb8+ Qxb8 37. Qxf8+ Kc7 38. Qc5+ Kd8 39. Qd5+ Kc7 40. Qf7+ Kd6 41. Qxf6+ Kc5 42. Qe7+ Kb6 43. Qe6+ Ka5 44. Qd5+ Ka4 45. Qc6+ Ka3 46. Kh2 Bd2 47. Be6 Bf4+ 48. g3 Qb2+ 49. Kg1 Qc1+ 50. Kg2 Qd2+ 51. Kg1 Qe1+ 52. Kg2 Qe2+ 53. Kg1 Be3+ 54. Kh1 Qf1+ 55. Kh2 Qg1# 0-1


[Site "https://www.chess.com"]

[Event "Titled Tuesday Blitz January 31 Late 2023"]
[White "Dourerassou, Jonathan"]
[Black "Sohier, Julien"]
[WhiteFideId "628050"]
[BlackFideId "645346"]
[WhiteElo "2414"]
[BlackElo "2214"]
[Result "0-1"]
[Round "02"]
[TimeControl "180+2"]
[Date "2023.01.31"]
[WhiteClock "0:00:25"]
[BlackClock "0:00:19"]

1. d4 d5 2. Nf3 Nf6 3. Bg5 Ne4 4. Bh4 c5 5. e3 Qb6 6. Qc1 cxd4 7. exd4 Nc6 8. c3 Bf5 9. Nbd2 e6 10. Bg3 Be7 11. Be2 O-O 12. O-O Nxg3 13. hxg3 Rac8 14. Re1 h6 15. Nf1 Nb4 16. Ne3 Nd3 17. Nxf5 Nxc1 18. Nxe7+ Kh8 19. Nxc8 Nxe2+ 20. Rxe2 Rxc8 21. Ne5 Kg8 22. Rae1 Qa5 23. a3 b5 24. Nd3 Qd8 25. g4 a5 26. g3 Qg5 27. f3 h5 28. Ne5 hxg4 29. f4 Qf5 30. Nd7 Qd3 31. Re3 Qc2 32. R1e2 Qb1+ 33. Kg2 b4 34. axb4 axb4 35. Ne5 bxc3 36. bxc3 Rb8 37. Nxg4 Rb2 38. Nf2 Rxe2 39. Rxe2 Qc1 40. f5 exf5 41. Re5 Qxc3 42. Rxf5 g6 43. Rf4 Kg7 44. g4 f6 45. Nh3 g5 46. Rf2 Qxd4 47. Kg3 Qe3+ 48. Rf3 Qe1+ 49. Kg2 d4 50. Nf2 Qe2 51. Rd3 Qe5 52. Kf3 Kf7 53. Kg2 Ke6 54. Ra3 Qb5 55. Rd3 Ke5 56. Rf3 Qe2 57. Kg3 Ke6 58. Nd3 Kd5 59. Nf2 Kc4 60. Rxf6 Qe5+ 61. Kg2 Qxf6 62. Ne4 Qc6 63. Kf3 Kd3 64. Kg3 Qxe4 65. Kh3 Qf3+ 66. Kh2 Qxg4 67. Kh1 Ke3 68. Kh2 Kf2 69. Kh1 Qg2# 0-1


[Site "https://www.chess.com"]

[Event "Titled Tuesday Blitz January 31 Late 2023"]
[White "Sailer, Mike"]
[Black "Klekowski, Maciej"]
[WhiteFideId "2012901"]
[BlackFideId "1132717"]
[WhiteElo "2109"]
[BlackElo "2477"]
[Result "0-1"]
[Round "02"]
[TimeControl "180+2"]
[Date "2023.01.31"]
[WhiteClock "0:00:04"]
[BlackClock "0:00:50"]

1. d4 Nf6 2. Nf3 e6 3. Bf4 b6 4. e3 Bb7 5. Be2 g6 6. O-O Bg7 7. h3 O-O 8. c4 d6 9. Nc3 Nc6 10. a3 Re8 11. b4 e5 12. Bh2 e4 13. Nd2 Ne7 14. c5 d5 15. Rc1 a6 16. a4 Nf5 17. b5 a5 18. Qb3 h5 19. Be5 Ne7 20. Rc2 Nh7 21. Bxg7 Kxg7 22. Rfc1 Bc8 23. cxb6 cxb6 24. Bf1 Ra7 25. Ne2 g5 26. Ng3 h4 27. Ne2 Be6 28. f3 exf3 29. Nxf3 Bf5 30. Rc3 Be4 31. Ne5 Qd6 32. Nc6 Rd7 33. Nxe7 Qxe7 34. Rc6 g4 35. Nf4 gxh3 36. gxh3 Kh8 37. Bg2 Rdd8 38. Kh2 Rg8 39. Rg1 Qg5 40. Rc2 Qg3+ 41. Kh1 Bxc2 42. Qxc2 Qxe3 43. Qf5 Rg5 44. Qc2 Rdg8 45. Qc7 Qxd4 46. Qxf7 Qf6 47. Qxf6+ Nxf6 48. Nxd5 Nxd5 0-1


[Site "https://www.chess.com"]

[Event "Titled Tuesday Blitz January 31 Late 2023"]
[White "Acosta Cruz, Oscar Yosimar"]
[Black "Papasimakopoulos, Alexandros"]
[WhiteFideId "5111269"]
[BlackFideId "4244125"]
[WhiteElo "2098"]
[BlackElo "2401"]
[Result "0-1"]
[Round "02"]
[TimeControl "180+2"]
[Date "2023.01.31"]
[WhiteClock "0:00:07"]
[BlackClock "0:00:27"]

1. e4 e6 2. d4 d5 3. Bd3 c5 4. Nf3 c4 5. Be2 dxe4 6. Ne5 Nf6 7. Bxc4 Nc6 8. Nxc6 bxc6 9. O-O Bd6 10. Qe2 Bc7 11. Nc3 Qxd4 12. Bb3 a5 13. g3 Ba6 14. Rd1 Bxe2 15. Rxd4 Bf3 16. Bg5 Be5 17. Bxf6 Bxf6 18. Rc4 O-O 19. Nxe4 Bxb2 20. Rb1 Be5 21. Ba4 c5 22. Nxc5 Bd5 23. Rg4 Bxa2 24. Re1 Bc3 25. Re3 Bb4 26. Nd7 Rfd8 27. h4 Ra7 28. Rd3 Kh8 29. Rgd4 h5 30. c3 Be7 31. Ne5 Rxd4 32. Rxd4 Bf6 33. f4 g6 34. Rd8+ Bxd8 35. Nxf7+ Rxf7 0-1


[Site "https://www.chess.com"]

[Event "Titled Tuesday Blitz January 31 Late 2023"]
[White "Naroditsky, Daniel"]
[Black "Hartikainen, Jarmo"]
[WhiteFideId "2026961"]
[BlackFideId "503134"]
[WhiteElo "2618"]
[BlackElo "2108"]
[Result "1-0"]
[Round "02"]
[TimeControl "180+2"]
[Date "2023.01.31"]
[WhiteClock "0:01:21"]
[BlackClock "0:00:01"]

1. e4 c5 2. Nf3 e6 3. c3 d5 4. exd5 exd5 5. d4 Nf6 6. Bb5+ Nc6 7. O-O Be7 8. dxc5 Bxc5 9. Bg5 Be7 10. Nbd2 O-O 11. Nb3 Bg4 12. Be2 h6 13. Be3 Re8 14. Nfd4 Bxe2 15. Qxe2 Bf8 16. Rad1 a5 17. Qb5 Nxd4 18. Nxd4 a4 19. h3 Qa5 20. Qd3 Rad8 21. Nf5 Ne4 22. Bd4 Qc7 23. Qf3 Re6 24. Ne3 Qc6 25. Ng4 Ng5 26. Qf5 Rg6 27. Rde1 Re8 28. Rxe8 Qxe8 29. Qxd5 h5 30. Ne5 Nxh3+ 31. Kh1 Nf4 32. Qf3 Rf6 33. Nd3 Nxd3 34. Bxf6 Ne1 35. Qd1 Qc6 36. Rxe1 Qxf6 37. Qf3 Qh4+ 38. Kg1 1-0


[Site "https://www.chess.com"]